[Event "*** SCC Grand Prix: Titled Tuesday Blitz"]
[Site "Chess.com"]
[Date "2020.09.08"]
[Round "10"]
[White "lucachess49"]
[Black "nitpicker"]
[Result "1-0"]
[WhiteElo "2402"]
[BlackElo "2208"]
[TimeControl "180+1"]
[EndTime "11:58:15 PDT"]
[Termination "lucachess49 won on time"]

1. d4 Nf6 2. c4 e6 3. Nc3 Bb4 4. e3 d5 5. Ne2 c6 6. a3 Bd6 7. Ng3 O-O 8. Be2 Nbd7 9. O-O Qe7 10.
cxd5 cxd5 11. Bd2 a6 12. Rc1 b6 13. Na4 Bb7 14. f4 Ne4 15. Nxe4 dxe4 16. Nc3 b5 17. Qc2 Rac8 18. Qb1 Nf6 19. Be1 Bd5 20. Bh4 Qb7 21. h3 Be7 22. Qc2 Rc7 23. Qd2 Rfc8 24. Kh2 Ne8 25. Bxe7 Rxe7 26. Nxd5 exd5 27. Rc5 Rec7 28. Rfc1 Nd6 29. b4 Nc4 30. Bxc4 bxc4 31. Qe2 Rxc5 32. dxc5 Qc6 33. Qd2 Kf8 34. Qd4 f6 35.
Rd1 Rd8 36. g4 h6 37. Kg3 Qa4 38. Rd2 Qb3 39. c6 c3 40. c7 Rc8 41. Qc5+ Kg8 42. Qxd5+ Qxd5 43. Rxd5 Rxc7 44. Rd1 c2 45. Rc1 Rc3 46.
Kf2 Kf7 47. a4 Ke6 48. b5 axb5 49. axb5 Kd6 50. Ke2 Kc5 51. Kd2 Rd3+ 52. Kxc2 Rxe3 53. Kd2+ Kd4 54. Rc4+ Kxc4 55. Kxe3 Kxb5 56. Kxe4 g6 57.
h4 Kc6 58. h5 gxh5 59. gxh5 Kd6 60. Kf5 Ke7 61. Kg6 f5 62. Kxf5 Kf7 63. Ke5 Ke7 64. f5 Kf7 65. f6 Kf8 66. Kf5 Kf7 67. Ke5 Kf8 68. Ke6 Ke8 69. Ke5 Kf7 70. Kf5 Kf8 71. Kg6 Ke8 72. Kxh6 Kf7 73. Kg5 Kg8 74. Kg6 Kf8 75.
f7 Ke7 76. Kg7 Ke6 77. f8=Q 1-0

[Event "*** SCC Grand Prix: Titled Tuesday Blitz"]
[Site "Chess.com"]
[Date "2020.09.08"]
[Round "10"]
[White "kingnb"]
[Black "XDPS"]
[Result "1-0"]
[WhiteElo "2639"]
[BlackElo "2772"]
[TimeControl "180+1"]
[EndTime "11:58:17 PDT"]
[Termination "kingnb won on time"]

1. d4 d5 2. Nf3 Nf6 3. e3 Bf5 4. c4 c6 5. cxd5 cxd5 6. Nc3 Nc6 7. Ne5 e6 8. g4 Bg6 9. h4 h5 10. Nxg6 fxg6 11. g5 Nh7 12. Bd3 Ne7 13. Bd2 a6 14. Qc2 Kf7 15. O-O-O Rc8 16. Kb1 Nf5 17. Qb3 b5 18.
Ne2 Bd6 19. Rdg1 Nf8 20. e4 dxe4 21. Bxe4 Bb8 22. Bc3 Nd7 23. d5 Nc5 24. dxe6+ Ke7 25. Qc2 Rf8 26. Rd1 Qb6 27. Bd5 b4 28. Bd4 Bd6 29.
Rhe1 a5 30. Qd2 a4 31. Nf4 Bxf4 32. Qxf4 b3 33. a3 Rfd8 34. Bc3 Qb5 35. Bc4 Qc6 36. Bb4 Ke8 37. e7 Rxd1+ 38. Rxd1 Kxe7 39. Qe5+ Kf8 40. Bxc5+ Qxc5 41. Rd8+ Rxd8 42. Qxc5+ Ne7 43. Kc1 Rc8 44. Qd4 Ke8 45. Kb1 Nf5 46. Bb5+ Ke7 47. Qxa4 Nd6 48. Qxb3 Rb8 49. Qe3+ Kf7 50. Bd3 Rd8 51. Qf4+ Kg8 52.
Bxg6 Kh8 53. Bxh5 Nb5 54. Be2 Nd4 55. Bd3 Nb3 56. Ka2 Nc5 57. Bc2 Ne6 58. Qf5 Nf8 59.
a4 Rb8 60. a5 Ra8 61. b4 Kg8 62. g6 Kh8 63. Qd5 Rb8 64. a6 Rb6 65. a7 Ra6+ 66.
Kb2 Nxg6 67. b5 Rxa7 68. Bxg6 Ra2+ 69. Kc3 Ra3+ 70. Kd4 Ra4+ 71. Ke5 Re4+ 72. Qxe4 1-0

[Event "*** SCC Grand Prix: Titled Tuesday Blitz"]
[Site "Chess.com"]
[Date "2020.09.08"]
[Round "10"]
[White "winniethepooh04"]
[Black "zmeeed67"]
[Result "1-0"]
[WhiteElo "2231"]
[BlackElo "2396"]
[TimeControl "180+1"]
[EndTime "11:58:36 PDT"]
[Termination "winniethepooh04 won on time"]

1. e4 Nc6 2. Nf3 d6 3. d4 Nf6 4.
Nc3 Bg4 5. Be2 e5 6. dxe5 dxe5 7. Qxd8+ Rxd8 8. O-O Bb4 9. Bg5 Bxc3 10. bxc3 Rd6 11. Bxf6 gxf6 12. Rab1 b6 13. h3 Bxf3 14. Bxf3 Ke7 15.
Be2 Rhd8 16. Bd3 Na5 17. f4 c5 18. fxe5 fxe5 19. Rf5 f6 20. Rh5 Rh8 21. c4 h6 22.
Rf1 Nc6 23. Rf3 Nd4 24. Rg3 Kf7 25. Re3 Ne6 26. g3 Ng7 27. Rh4 Rdd8 28. Kf2 Rdg8 29. Be2 Ne6 30. c3 Ng5 31. Rh5 Rd8 32.
h4 Ne6 33. Rf5 Ng7 34. Rff3 Rd2 35. Rd3 Rd8 36. Rxd8 Rxd8 37. Rd3 Rxd3 38. Bxd3 Ke6 39. g4 Ne8 40. Kf3 Nd6 41. a3 a6 42. a4 Nb7 43.
Ke3 Nd6 44. Kf3 Kf7 45. Kg3 Kg6 46. Kf3 Ne8 47. Kg3 Ng7 48. Be2 Ne6 49. Bd1 Nf4 50.
Kf3 Nd3 51. Bb3 Nf4 52. Bd1 h5 53. Kg3 Nd3 54. gxh5+ Kh6 55. Bc2 Nb2 56. Bb3 Nd3 57. Bc2 Nb2 58. Bb3 Kxh5 59. Kh3 Nd3 60. Kg3 Nf4 61. Bd1+ Kh6 62. Bc2 Ne2+ 63. Kg4 Nxc3 64. Kf5 Kh5 65. Kxf6 Kxh4 66. Kxe5 Kg3 67. Kd6 Kf4 68.
e5 b5 69. cxb5 axb5 70. a5 b4 71. e6 Nb5+ 72. Kd7 b3 73. Bxb3 Nd4 74. Bd5 Nf5 75. a6 Ke5 76. Ba2 c4 77. Bxc4 Nd6 78. e7 1-0

[Event "*** SCC Grand Prix: Titled Tuesday Blitz"]
[Site "Chess.com"]
[Date "2020.09.08"]
[Round "10"]
[White "mbojan"]
[Black "vovachesss"]
[Result "1/2-1/2"]
[WhiteElo "2794"]
[BlackElo "2686"]
[TimeControl "180+1"]
[EndTime "11:58:38 PDT"]
[Termination "Game drawn by stalemate"]

1. e4 c6 2. Bc4 d5 3. Bb3 dxe4 4. Qh5 g6 5. Qh4 Nf6 6. Nc3 Bf5 7. f3 e5 8. fxe4 Nxe4 9. Bxf7+ Kd7 10. Qxd8+ Kxd8 11. Nf3 Nxc3 12. dxc3 Bxc2 13. Bg5+ Be7 14. Rc1 Bxg5 15. Rxc2 Bf6 16. Bb3 Nd7 17. O-O Kc7 18. Nd2 Rhf8 19.
Ne4 Be7 20. Rcf2 Rxf2 21. Rxf2 Rf8 22. Rxf8 Nxf8 23. Kf2 b5 24. Kf3 a5 25. g4 Kd7 26. Bg8 a4 27. g5 Bd8 28. h4 Ke7 29. b3 a3 30. c4 bxc4 31. bxc4 Bb6 32. c5 Ba5 33. Kg4 Be1 34. h5 gxh5+ 35. Kxh5 Ba5 36.
Kh6 Be1 37. Bxh7 Ke6 38. g6 Nxg6 39. Bxg6 Kd5 40. Kg5 Bb4 41. Kf5 Kd4 42. Bf7 Ba5 43.
Bb3 Bb4 44. Ba4 Bxc5 45. Bxc6 Bb4 46. Be8 Bc3 47. Bf7 Bd2 48. Bb3 Be1 49. Nf6 Bb4 50. Ng4 e4 51. Bc2 e3 52. Bd1 Kd3 53. Ne5+ Kd2 54.
Bg4 e2 55. Nc4+ Kd3 56. Bxe2+ Kxe2 57. Ke4 Kd1 58. Kd3 Bc5 59. Ne5 Bd6 60. Nc4 Kc1 61. Kc3 Be7 62. Kb3 Kd1 63. Nb6 Ke2 64. Nc4 Kd3 65.
Nb6 Ke4 66. Nc4 Kd5 67. Nd2 Kc5 68. Nf3 Kb5 69. Ne5 Ka6 70. Kc4 Bd6 71. Nf7 Be7 72. Ne5 Bd6 73. Nd3 Be7 74. Kd5 Bf8 75. Ne5 Kb5 76. Kd4 Bg7 77. Kd5 Bxe5 78. Kxe5 Kc4 79. Ke4 Kc3 80. Ke3 Kc2 81. Ke2 Kb1 82. Kd2 Kb2 83. Kd1 Kxa2 84. Kc2 Ka1 85. Kc1 a2 86. Kc2 1/2-1/2

[Event "*** SCC Grand Prix: Titled Tuesday Blitz"]
[Site "Chess.com"]
[Date "2020.09.08"]
[Round "10"]
[White "Vuk2000"]
[Black "Mr_Sinigami"]
[Result "1/2-1/2"]
[WhiteElo "2712"]
[BlackElo "2567"]
[TimeControl "180+1"]
[EndTime "11:58:39 PDT"]
[Termination "Game drawn - insufficient material"]

1. d4 Nf6 2. Bg5 c5 3. Bxf6 gxf6 4. d5 d6 5. c4 Bg7 6. Qc2 f5 7. e3 O-O 8. Bd3 e6 9. Ne2 Nd7 10. e4 Ne5 11. Nbc3 Nxd3+ 12. Qxd3 fxe4 13. Qxe4 exd5 14. Qxd5 Be6 15. Qd3 Qh4 16. b3 b5 17. cxb5 c4 18. Qxd6 cxb3 19. axb3 Rac8 20. Rc1 Rfd8 21. Qg3 Qxg3 22.
hxg3 Bxb3 23. O-O Bc4 24. Rfe1 Re8 25. Kf1 Bd3 26. Na2 Bxb5 27. Rxc8 Rxc8 28. Rb1 Bd3 29. Rd1 Bc4 30. Nc1 a5 31. Rd7 Ra8 32. Rc7 Bb5 33. Rb7 Ba6 34. Rb3 a4 35. Ra3 Bf8 36.
Ra1 a3 37. Ke1 Bc4 38. Kd2 Bg7 39. Nc3 h5 40. Kc2 Ra7 41. Nd3 Bxd3+ 42. Kxd3 Rd7+ 43.
Kc2 Ra7 44. Ra2 Ra5 45. Ne4 Bb2 46. Kd3 Kg7 47. Nd2 Rd5+ 48. Ke2 Re5+ 49. Kd3 Rd5+ 50.
Ke2 Rc5 51. Kd3 Rc3+ 52. Ke2 f5 53. Nf3 Kf6 54. Nd2 Ke5 55. Nb1 Rc2+ 56. Kf3 Kd5 57. Nxa3 Rc3+ 58. Kf4 Bxa3 59. Kxf5 Be7 60. Rd2+ Kc6 61.
Kg6 Rc5 62. f4 Rb5 63. f5 Bd6 64. f6 Bxg3 65. f7 Rb8 66. Rd3 Bd6 67. Kg7 Kd7 68. Kg6 Ke6 69. Re3+ Be5 70. Kxh5 Rf8 71. Rf3 Rxf7 72. Rxf7 Kxf7 73. Kg5 Kg7 74. g3 Bxg3 1/2-1/2

[Event "*** SCC Grand Prix: Titled Tuesday Blitz"]
[Site "Chess.com"]
[Date "2020.09.08"]
[Round "10"]
[White "fighter2jz"]
[Black "angryhorse9"]
[Result "0-1"]
[WhiteElo "2700"]
[BlackElo "2541"]
[TimeControl "180+1"]
[EndTime "11:58:45 PDT"]
[Termination "angryhorse9 won by resignation"]

1. e4 c5 2. Nf3 d6 3. d4 Nf6 4.
Nc3 cxd4 5. Nxd4 Nc6 6. Bg5 e6 7. Qd2 Be7 8. O-O-O Nxd4 9. Qxd4 a6 10. Kb1 b5 11. f4 Bb7 12. Bd3 O-O 13. h3 Rc8 14. Qe3 h6 15. Bxf6 Bxf6 16. e5 Be7 17. exd6 Bxd6 18. Be4 Rc7 19. Bxb7 Rxb7 20. Ne4 Rd7 21.
Qd4 Qb8 22. Rd3 Rfd8 23. Rhd1 Bxf4 24. Qxd7 Rxd7 25. Rxd7 Qe5 26. Nd6 Qe2 27. Rd8+ Kh7 28. Nxf7 Qxg2 29. a3 e5 30. b3 e4 31. Re8 e3 32.
Re6 Qb7 33. Nd8 Qc7 34. Re4 Qc3 35. Rd3 Qe1+ 36. Ka2 e2 37. Ne6 Qf1 38. Rd8 Bd6 39. Rxd6 e1=Q 40. Rxe1 Qxe1 41. Rxa6 Qg3 42. Nf8+ Kg8 43.
Ra8 Kf7 44. Nd7 Qc3 45. Kb1 Ke7 46. Nb6 Qxh3 47. Nd5+ Kf7 48. Ra7+ Kg8 49. Ra8+ Kh7 50. Rd8 Qh1+ 51. Kb2 Qg1 52. Rd7 h5 53. Nf6+ Kg6 54. Ne4 h4 55. Rd6+ Kf5 56. Nd2 h3 57. Rd5+ Ke6 58.
Rd3 h2 59. Nf3 h1=Q 60. Nxg1 Qxg1 61. a4 bxa4 62. bxa4 g5 63. a5 g4 64. a6 g3 65.
Ra3 g2 66. a7 Qb6+ 67. Kc3 Qc5+ 68. Kb2 Qxa3+ 69. Kxa3 g1=Q 70. a8=Q Qa1+ 71. Kb4 Qxa8 72.
c4 Qb8+ 73. Kc5 Kd7 74. Kd5 Kc7 75. c5 Qh8 76. c6 Qh5+ 77. Ke6 Kxc6 78. Ke7 Qd5 79.
Kf6 Qe4 80. Kf7 Qe5 81. Kg6 Qf4 82. Kh5 Kd6 83. Kg6 Ke7 84. Kh7 Qg5 0-1

[Event "*** SCC Grand Prix: Titled Tuesday Blitz"]
[Site "Chess.com"]
[Date "2020.09.08"]
[Round "10"]
[White "KubaGepard"]
[Black "mr_gustavo"]
[Result "1-0"]
[WhiteElo "2411"]
[BlackElo "2272"]
[TimeControl "180+1"]
[EndTime "11:58:45 PDT"]
[Termination "KubaGepard won on time"]

1. d4 Nf6 2. c4 e6 3. g3 d5 4. Nf3 dxc4 5. Bg2 Nc6 6. O-O a6 7. e3 Be7 8. Qe2 O-O 9. Qxc4 Qd6 10. Nc3 e5 11. dxe5 Nxe5 12. Nxe5 Qxe5 13. e4 b5 14. Qe2 Bb7 15. Bf4 Qc5 16. a3 Qb6 17. Be3 c5 18. Rad1 Rfd8 19. b4 a5 20. bxc5 Bxc5 21. Bxc5 Qxc5 22. Nxb5 Bxe4 23. Bxe4 Nxe4 24. Qxe4 Qxb5 25. Rfe1 g6 26. Qe7 Re8 27. Qf6 Rxe1+ 28. Rxe1 Re8 29. Rxe8+ Qxe8 30. Qc3 a4 31. Qb4 Qc6 32.
h4 h5 33. Qb8+ Kg7 34. Qe5+ Qf6 35. Qc5 Qb2 36. Kg2 Qb3 37. Qe5+ Kh7 38. Qc5 Qb7+ 39. Kf1 Qf3 40. Ke1 Qe4+ 41. Kd2 Kg7 42. Kc3 Qf3+ 43. Kb4 Qb3+ 44. Ka5 Kg8 45. Qb4 Qf3 46. Qb8+ Kh7 47. Qf4 Qxa3 48. Qxf7+ Kh6 49. Qf4+ Kg7 50. Qe5+ Kf7 51. Qd5+ Kf6 52. Qd4+ Kf7 53. Qd5+ Kf6 54. Qc6+ Kf7 55. Qd7+ Kf6 56. Qd8+ Kf7 57. Qc7+ Kf6 58. Qb6+ Kf7 59. Qb7+ Kf6 60. Qa6+ Kf7 61. Qc4+ Kf6 62. Qd4+ Kf7 63. Ka6 Qb3 64. Qf4+ Kg7 65. Qe5+ Kf7 66. Qc7+ Kf6 67. Qf4+ Ke6 68. Qe4+ Kd7 69. Qd4+ Kc7 70.
Qe5+ Kd7 71. Qg7+ Kc6 72. Qxg6+ Kc5 73. Qxh5+ Kd4 74. Qg4+ Kd3 75. Qf3+ Kc2 76. Qe4+ Kb2 77. Qd4+ Ka2 78. h5 a3 79. h6 Qe6+ 80. Qb6 Qe2+ 81.
Ka7 Ka1 82. h7 Qe7+ 83. Qb7 Qf6 84. Qc8 a2 85. h8=Q 1-0

[Event "*** SCC Grand Prix: Titled Tuesday Blitz"]
[Site "Chess.com"]
[Date "2020.09.08"]
[Round "10"]
[White "MariaFominykh"]
[Black "poppy73"]
[Result "1-0"]
[WhiteElo "2351"]
[BlackElo "2249"]
[TimeControl "180+1"]
[EndTime "11:59:02 PDT"]
[Termination "MariaFominykh won by checkmate"]

1. Nf3 Nf6 2. g3 g6 3. Bg2 Bg7 4. O-O O-O 5. d3 d6 6. e4 e5 7.
c3 Nc6 8. b4 a5 9. b5 Ne7 10. a4 c6 11. Na3 Qc7 12. Nc4 Bd7 13. Ba3 Nc8 14. Rb1 Re8 15. b6 Qb8 16. Re1 Ra6 17. d4 exd4 18. Nxd4 d5 19. exd5 Rxe1+ 20.
Qxe1 cxd5 21. Ne3 Rxb6 22. Nxd5 Nxd5 23. Bxd5 Bxa4 24. Rxb6 Nxb6 25. Bxf7+ Kh8 26. Qe6 Nd7 27. Bd6 Qd8 28. Be7 Qb6 29. Bd6 Qd8 30. Be7 Qb6 31.
Qxb6 Nxb6 32. Bd8 Nd7 33. Bxa5 Bc6 34. Nxc6 bxc6 35. Kf1 Ne5 36. Be6 Bf6 37. Ke2 Kg7 38.
f4 Nf7 39. Bd7 c5 40. Kd3 Nd6 41. Be6 Kf8 42. Bc7 Ke7 43. Ba2 Kd7 44. Bb6 Kc6 45. Ba5 Nb5 46. Bc4 Nd6 47. Be6 Kb5 48. Bc7 Kc6 49.
Bxd6 Kxd6 50. Bg8 Bg7 51. Bxh7 Bf6 52. Bxg6 Bg7 53. h4 Bf6 54. h5 Bg7 55. g4 Ke7 56.
g5 Bh8 57. Kc4 Kf8 58. h6 Kg8 59. Kxc5 Bxc3 60. Kd5 Bd2 61. Ke4 Bc3 62. Kf5 Bd2 63. Kg4 Kh8 64. Be4 Kg8 65. g6 Bc3 66. Bd5+ Kh8 67.
g7+ Bxg7 68. hxg7+ Kxg7 69. Kg5 Kf8 70. f5 Kg7 71.
f6+ Kf8 72. Kg6 Ke8 73. Kg7 Kd7 74. f7 Kd6 75. f8=Q+ Kxd5 76. Qf6 Ke4 77. Kg6 Kd3 78. Qf5+ Kc4 79. Kg5 Kb4 80. Kf4 Kc4 81. Qe5 Kd3 82. Kf5 Kd2 83. Qe4 Kc3 84. Kf4 Kb2 85. Qd3 Ka1 86.
Qe2 Kb1 87. Ke3 Ka1 88. Kd3 Kb1 89. Kc3 Ka1 90. Qb2# 1-0

[Event "*** SCC Grand Prix: Titled Tuesday Blitz"]
[Site "Chess.com"]
[Date "2020.09.08"]
[Round "10"]
[White "Oleksandr_Bortnyk"]
[Black "Sibelephant"]
[Result "0-1"]
[WhiteElo "2939"]
[BlackElo "3119"]
[TimeControl "180+1"]
[EndTime "11:59:18 PDT"]
[Termination "Sibelephant won on time"]

1. e4 c5 2. c3 d6 3. d4 Qc7 4. Nf3 Bg4 5. Be3 Nd7 6. Be2 Ngf6 7. Nbd2 e6 8. h3 Bh5 9. O-O Be7 10. b4 O-O 11.
bxc5 dxc5 12. Bg5 Rac8 13. Re1 Rfe8 14. a4 Bg6 15. Bf1 Qa5 16. Qb3 cxd4 17. cxd4 Rc3 18. Qb5 Qc7 19. e5 Nd5 20. Bxe7 Rxe7 21. a5 a6 22. Qb2 Rc2 23. Qa3 Re8 24. Rec1 Rc8 25. Rxc2 Qxc2 26. Rb1 Qc7 27. Rb2 h6 28. Nc4 Rb8 29.
Qd6 Qd8 30. Nfd2 Ne7 31. Nb6 Nf8 32. Ndc4 Nf5 33. Qxd8 Rxd8 34. Nd6 Nxd6 35. exd6 Rxd6 36. Nc8 Rd7 37. f3 f6 38. Rb4 Bf7 39. Kf2 Ng6 40. Ke3 Kf8 41. Bd3 Nh4 42. g3 Ng6 43. Be4 e5 44.
Rxb7 exd4+ 45. Kd2 Rd8 46. Nb6 Ne5 47. Rc7 f5 48.
Bb7 Bh5 49. f4 Nf3+ 50. Kd3 Ne1+ 51. Kd2 Nf3+ 52. Bxf3 Bxf3 53. Nd7+ Kg8 54. Ne5 Be4 55. Ra7 Rb8 56. Rxa6 Rb2+ 57. Kd1 d3 58. Rd6 Ra2 59. a6 d2 60. Rxd2 Rxa6 61. Ke2 Ra1 62. Kf2 Rh1 63. h4 Rh2+ 64. Ke3 Rh3 65. Kf2 Rh2+ 66. Ke3 Rh3 67.
Rd8+ Kh7 68. Kf2 Rh2+ 69. Kf1 Rh3 70. Kf2 Rh2+ 71. Ke1 Rg2 72. h5 Rh2 73. Ng6 Rxh5 74. Nf8+ Kg8 75. Ng6+ Kf7 76. Ne5+ Ke6 77. Re8+ Kd6 78.
Rd8+ Kc5 79. Rg8 g5 80. fxg5 hxg5 81. Nf7 g4 82. Kf2 Kd4 83. Rd8+ Bd5 84. Nd6 Rh2+ 85. Kf1 Ke5 86. Nb5 Bc4+ 87. Kg1 Rh3 88. Nd4 Rxg3+ 89. Kf2 Rd3 90. Nc6+ Kf4 91. Rg8 g3+ 92. Kg2 Bd5+ 93.
Kf1 Bxc6 94. Rg6 Bf3 95. Rxg3 Kxg3 0-1

[Event "*** SCC Grand Prix: Titled Tuesday Blitz"]
[Site "Chess.com"]
[Date "2020.09.08"]
[Round "10"]
[White "GM_dmitrij"]
[Black "Konavets"]
[Result "0-1"]
[WhiteElo "2923"]
[BlackElo "3074"]
[TimeControl "180+1"]
[EndTime "11:59:23 PDT"]
[Termination "Konavets won by resignation"]

1. e4 c6 2. d4 d5 3. e5 Bf5 4. h4 h6 5. g4 Be4 6. f3 Bh7 7. e6 Qd6 8. exf7+ Kxf7 9. f4 Nf6 10. Nf3 Nxg4 11. h5 c5 12. Bh3 Nf6 13. Ne5+ Ke8 14. Nc3 Nc6 15. Be3 cxd4 16. Bxd4 Qb4 17. Nxc6 bxc6 18.
O-O e6 19. Bxe6 Bc5 20. Ne2 Be4 21. c3 Qb6 22. b4 Bxd4+ 23. Nxd4 Ke7 24. Kh2 Qc7 25. Qe2 a5 26. Rf2 axb4 27. Rg1 Kd8 28. cxb4 c5 29. bxc5 Qxc5 30. Qd2 Ra7 31. Rc1 Qd6 32.
Rc8+ Ke7 33. Rxh8 Rb7 34. Rc8 Rb1 35. Rc1 Qb6 36. Rxb1 Qxb1 37. Nf3 Kxe6 38. Kg3 Nxh5+ 39. Kg2 Kf5 40. Kh2 Bxf3 41. Rxf3 Qb7 42. Qd3+ Kf6 43. a4 Kf7 44. Rf2 Nf6 45. a5 Ng4+ 46. Kg3 Nxf2 47.
Kxf2 Qa7+ 48. Kg3 Qxa5 49. Qf5+ Ke7 50. Qe5+ Kd8 51. Qd6+ Kc8 52. Qe6+ Kb8 53. Qg8+ Kb7 54. Qxg7+ Qc7 55. Qb2+ Kc6 56. Qc3+ Kd7 57. Qg7+ Kc6 58.
Qxh6+ Qd6 59. Qh8 d4 60. Kf3 Qd5+ 61. Kf2 Qe4 62. Qf6+ Kd5 63. Qd8+ Kc4 64. Qc7+ Kd3 65. Qe5 Qh7 66. Kf3 Qh3+ 67. Kf2 Qh2+ 68. Kf3 Qh1+ 69.
Kg4 Qg2+ 70. Kf5 Qh3+ 71. Kf6 Qh8+ 72. Ke6 Qe8+ 73. Kd5 Qd7+ 74. Qd6 Qf5+ 75. Qe5 Qf7+ 76. Kd6 Kc4 77. Qc5+ Kd3 78. f5 Qf6+ 79. Kd7 Ke4 80. Qc4 Qxf5+ 81. Kd6 Qe5+ 82. Kc6 Ke3 83. Qc1+ Kd3 84.
Qd1+ Kc3 85. Qc1+ Kd3 86. Qd1+ Ke3 87. Qe1+ Kf4 88. Qh4+ Kf3 89. Qh1+ Kf2 90. Qh4+ Ke2 91. Qg4+ Kd2 92. Qg2+ Kc3 93. Qf1 Qe4+ 94. Kc5 Qe7+ 95. Kd5 Qd7+ 96. Kc5 Qc7+ 97. Kd5 Qa5+ 98. Ke4 Qa8+ 99.
Ke5 Qb8+ 100. Kd5 Qb3+ 101. Kc5 d3 102. Qf6+ Kc2 103. Qf5 Qc3+ 104. Kb5 Kb2 105. Qf2+ d2 106. Qe2 Kc1 107. Qe3 Qxe3 0-1

[Event "*** SCC Grand Prix: Titled Tuesday Blitz"]
[Site "Chess.com"]
[Date "2020.09.08"]
[Round "10"]
[White "Carnivoras"]
[Black "MPGM"]
[Result "1/2-1/2"]
[WhiteElo "2628"]
[BlackElo "2483"]
[TimeControl "180+1"]
[EndTime "12:00:01 PDT"]
[Termination "Game drawn by repetition"]

1. d4 d5 2. Nf3 Nf6 3. Bg5 Bf5 4. Bxf6 exf6 5. e3 c6 6. Bd3 Bg6 7. O-O Bd6 8. c4 dxc4 9. Bxc4 O-O 10. Nc3 Nd7 11. Rc1 Re8 12. Qb3 Nb6 13. Be2 Qd7 14. Rfd1 Rad8 15. Na4 Nxa4 16. Qxa4 a6 17. Bd3 Bh5 18.
Be2 f5 19. Ne5 Bxe5 20. dxe5 Bxe2 21. Rxd7 Rxd7 22. Qf4 g6 23. h4 h5 24. e4 fxe4 25. Qxe4 Bd3 26. Qe1 Bf5 27. Rd1 Rxd1 28. Qxd1 Rxe5 29.
Qd8+ Kh7 30. Qc7 Re1+ 31. Kh2 Be6 32. Qxb7 Bxa2 33. Qxc6 Re6 34. Qf3 Rb6 35. Qa3 Be6 36. Qc3 Rb3 37. Qc2 a5 38. f3 a4 39. Kg3 a3 40. bxa3 Rxa3 41. Qb2 Ra2 42. Qc3 Ra4 43. Qe3 Rc4 44. Qd3 Rc5 45. Qe3 Rf5 46. Qc3 Rb5 47. Kf2 Rb3 48. Qf6 Rb4 49. Qe7 Rc4 50. Qf6 Kg8 51. Kg3 Rc8 52. Kf4 Rc4+ 53. Kg3 Kh7 54. Qe5 Rc8 55. Qf6 Rc5 56. Qe7 Rf5 57. Qd6 Kg7 58. Qd4+ Kg8 59. Qd2 Kh7 60. Qd8 Rd5 61.
Qf6 Rd2 62. Qf4 Ra2 63. Qe5 Bc4 64. Qe1 Kg8 65. Qe8+ Kh7 66. Qe7 Be6 67. Qf6 Ra5 68.
Qc3 Rf5 69. Qe3 Kg7 70. Qc3+ Kg8 71. Qd2 Kh7 72. Qd6 g5 73. hxg5 Rxg5+ 74. Kf2 Rd5 75. Qf4 Kg6 76. Qe4+ Kg7 77. Kg3 Rf5 78. Kh4 Rd5 79. Qe3 Kg8 80. Qc3 Kf8 81. Qh8+ Ke7 82. g3 Kd6 83. f4 Kc5 84. Qf8+ Kd4 85. Qb4+ Ke3 86. Qe1+ Kf3 87. Qf1+ Ke3 88. Qe1+ Kd4 89. Qf2+ Ke4 90. Qe2+ Kd4 91. Qf3 Kc5 92. Qe4 Kd6 93. Qe3 Ke7 94. Qa7+ Kf6 95. Qe3 Kg6 96. Qc3 Kh7 97.
Qc2+ Bf5 98. Qc4 Be6 99. Qe4+ Kg8 100. Qb4 Rf5 101. Qb8+ Kh7 102. Qf8 Rd5 103. Qe7 Kg7 104. Qb4 Kg8 105. Qb8+ Kh7 106. Qb4 Kg6 107. Qe4+ Kg7 108. Qb4 Rf5 109. Qc3+ Kg8 110. Qb2 Rd5 111. Qb8+ Kg7 112. Qb2+ Kh7 113. Qc2+ Kg8 114. Qb2 Rc5 115. Qb8+ Kh7 116. Qb1+ Rf5 117. Qd3 Kg6 118. Qd8 Kg7 119. Qd4+ Kg8 120. Qd8+ Kg7 121. Qd4+ Kh7 122. Qd3 Kg7 123. Qd4+ 1/2-1/2